 Dungeon Crawl Stone Soup version 0.32-a0-818-gb728d0252e (webtiles) character file.

Game seed: 11559639851470136110

22 AstroCodex24 the Trooper (level 2, 0/24 HPs)
             Began as a Coglin Fighter on Mar 23, 2024.
             Slain by Eustachio
             ... wielding a +0 falchion
              (2 damage)
             ... on level 4 of the Dungeon.
             The game lasted 00:01:35 (364 turns).

AstroCodex24 the Trooper (Coglin Fighter)            Turns: 364, Time: 00:01:36

Health: 0/24       AC: 11    Str: 16      XL:     2   Next: 91%
Magic:  2/2        EV:  3    Int:  7      God:
Gold:   62         SH:  4    Dex: 12 (13) Spells: 1/1 levels left

rFire   . . .        a - +0 war axe {Cuahtemoc}
rCold   . . .        c - +0 buckler
rNeg    . . .        f - +0 plate armour
rPois   .            (no helmet)
rElec   .            (no cloak)
rCorr   .            (no gloves)
SInv    .            (no boots)
Will    .....        (amulet unavailable) Stlth
                     (ring unavailable)
HPRegen 0.24/turn    (ring unavailable)
MPRegen 0.08/turn    (no gizmo)

%: no passive effects
@: revved
A: off-hand wielding, slow wielding, warmup strikes, no jewellery
a: Invent Gizmo


You were on level 4 of the Dungeon.
You visited 1 branch of the dungeon, and saw 4 of its levels.

You collected 62 gold pieces.

Inventory:

Hand Weapons
 a - a +0 war axe (weapon) {Cuahtemoc}
Armour
 c - a +0 buckler (worn)
 f - a +0 plate armour (worn)
Potions
 d - a potion of might
 e - 2 potions of curing {unknown}


   Skills:
 + Level 3.3 Fighting
 + Level 2.2 Axes
 + Level 3.0 Armour
 + Level 2.4 Shields


You had one spell level left.
You didn't know any spells.
Your spell library was empty.

Dungeon Overview and Level Annotations

Branches:
Dungeon (4/15)
 Temple: D:4-7

Altars:

Annotations:
D:4 Eustachio


Innate Abilities, Weirdness & Mutations

You can wield a second weapon in your off-hand.
It takes a long time for you to wield or remove held weapons.
Your first few attacks do less damage.
You cannot equip rings or amulets.


Message History

Eustachio casts a spell.
Eustachio blinks!
The quasit bites you but does no damage.
You block the quasit's attack.
The quasit claws you but does no damage.
The ufetubus barely misses you.
The ufetubus hits you but does no damage.
The bat hits you but does no damage.
The quasit bites you but does no damage.
The quasit claws you.
* * * LOW HITPOINT WARNING * * *
You feel clumsy.
The quasit claws you but does no damage.
You miss the ufetubus.
The ufetubus is severely wounded.
You hit the rat.
You kill the rat!
The rat's corpse disappears in a puff of smoke!
You hit the bat.
You kill the bat!
The bat's corpse disappears in a puff of smoke!
You closely miss the quasit.
The ufetubus disappears in a puff of smoke!
The bat hits you but does no damage.
The quasit bites you but does no damage.
The quasit claws you.
* * * LOW HITPOINT WARNING * * *
The quasit claws you but does no damage.
The quasit completely misses you.
The quasit claws you but does no damage. x2
You slash Eustachio!
Eustachio is heavily wounded.
You barely miss the bat. You barely miss the quasit. The bat barely misses you.
Eustachio hits you with a +0 falchion.
* * * LOW HITPOINT WARNING * * *
The quasit bites you but does no damage.
The quasit claws you but does no damage. x2
The bat hits you but does no damage. Eustachio hits you with a +0 falchion.
You die...
Eustachio twirls his moustache.

.........##.....
................
.$...........#.#
#######......#.#
#......#.# .
#........#######..
#.................
#...##....@5......
...........b@.......
#..........ยงยง..#....#
#..............# ...#
#..............# . #
#..............#
#..........!...#
...........#
############


You could see Eustachio, a quasit (summoned) and a bat (summoned).

Vanquished Creatures
  An adder (D:3)
  A ribbon worm (D:3)
  A giant cockroach (D:1)
  A hobgoblin (D:4)
  A kobold (D:1)
  A quokka (D:1)
  A bat (D:2)
  2 frilled lizards (D:1)
  2 rats (D:1)
11 creatures vanquished.

Notes
Turn   | Place    | Note
-------+----------+-------------------------------------------
     0 | D:1      | AstroCodex24 the Coglin Fighter began the quest for the
                  | Orb.
     0 | D:1      | Reached XP level 1. HP: 18/18 MP: 1/1
    57 | D:1      | Reached XP level 2. HP: 15/24 MP: 2/2
   349 | D:4      | Noticed Eustachio
   364 | D:4      | Slain by Eustachio

Illustrated notes

Levels and vault maps discovered:
D:1:      minmay_arrival_stair_chambers, layout_basic, serial_shops, shop,
          minmay_tall_x
D:2:      layout_basic, basic_altar, kennysheep_minor_cross
D:3:      layout_basic, nicolae_dithmenos_the_darkroom, hangedman_decor_lopped,
          minmay_pentomino_pile, uniq_ijyb
D:4:      layout_basic, uniq_eustachio

Skill      XL: |  1  2 |
---------------+-------+-----
Armour         | 3 |  3.0
Fighting       | |  3.3
Axes           | |  2.2
Shields        | |  2.4

Action                     || total
---------------------------++-------
  Melee: War axe           ||    42
 Armour: Scale mail        ||    41
         Plate armour      ||    59
  Dodge: Dodged            ||    20
  Block: Buckler           ||    22

Table legend: (Time is in decaauts)
 A = Elapsed time spent in this place.
 B = Non-inter-level travel time spent in this place.
 C = Inter-level travel time spent in this place.
 D = Time resting spent in this place.
 E = Time spent auto-exploring this place.
 F = Levels seen in this place.
 G = Mean time per level.
                   A        B        C        D        E       F      G
               +--------+--------+--------+--------+--------+-----+--------+
         Total |    381 |    381 |      0 |      0 |      0 |   4 |   95.2 |
       Dungeon |    381 |    381 |      0 |      0 |      0 |   4 |   95.2 |
               +--------+--------+--------+--------+--------+-----+--------+

Top non-repeatable levels by time:
     D:4: 183 daAuts
     D:1: 109 daAuts
     D:3: 65 daAuts
     D:2: 22 daAuts
